 Dungeon Crawl Stone Soup version 0.20-a0-454-g2b43fbb (webtiles) character file.

591 Gorice the Skirmisher (level 7, -5/57 HPs)
             Began as a Minotaur Arcane Marksman on Jan 8, 2017.
             Slain by Pikel
             ... wielding a +0 whip of electrocution
              (15 damage)
             ... on level 4 of the Dungeon.
             The game lasted 00:21:16 (4787 turns).

Gorice the Skirmisher (Minotaur Arcane Marksman)    Turns: 4787, Time: 00:21:16

Health: -5/57      AC:  7    Str: 16    XL:     7   Next: 16%
Magic:  7/7        EV: 10    Int:  8    God:
Gold:   90         SH:  0    Dex: 11    Spells: 7/8 levels left

rFire  . . .     SeeInvis .     a - +0 whip
rCold  . . .     Gourm    .     s - +0 scale mail
rNeg   . . .     Faith    .     (no shield)
rPois  +         Spirit   .     (helmet restricted)
rElec  .         Reflect  .     q - +0 cloak
rCorr  .         Harm     .     (no gloves)
MR     .....                    (no boots)
Stlth  ..........               (no amulet)
                                (no ring)
                                (no ring)

@: no status effects
A: retaliatory headbutt, horns 2, dopey 1, frail 1, poison resistance
a: no special abilities


You were on level 4 of the Dungeon.
You were not hungry.

You visited 1 branch of the dungeon, and saw 4 of its levels.

You collected 90 gold pieces.

Inventory:

Hand Weapons
 a - a +0 whip (weapon)
 b - a +0 hunting sling
 o - a +0 short sword
 r - a +0 spear
 w - a +0 flail
 x - a +0 war axe
 A - a +0 dagger
Missiles
 j - 4 javelins (quivered)
 Z - 189 stones
Armour
 e - a +0 robe
 h - a +0 ring mail
 l - a +1 leather armour of magic resistance
   (You took it off Duvessa on level 2 of the Dungeon)
 q - a +0 cloak (worn)
 s - a +0 scale mail (worn)
Scrolls
 m - 3 scrolls of magic mapping {!r}
 t - a scroll of teleportation {!r}
 B - a scroll of remove curse {unknown}
Potions
 i - a potion of cancellation {!q}
 u - a potion of magic {!q}
 z - a potion of invisibility {unknown}
Books
 c - a book of Debilitation
 n - a book of Cantrips
 y - a book of Misfortune
Comestibles
 f - 2 bread rations {!e}
 g - 2 fruits
 k - a meat ration {!e}
 p - 2 chunks of flesh
 v - 2 beef jerkies


   Skills:
 + Level 6.6 Fighting
 - Level 6.0 Slings
 + Level 1.3 Armour
 - Level 2.1 Dodging
 - Level 1.0 Spellcasting
 - Level 2.0 Hexes


You had 7 spell levels left.
You knew the following spells:

 Your Spells              Type           Power        Failure   Level  Hunger
a - Corona                Hex            #......      73%         1    ##.....


Dungeon Overview and Level Annotations

Branches:
Dungeon (4/15)
 Temple: D:4-7

Altars:
Cheibriados
Nemelex Xobeh
Vehumet

Annotations:
D:4 Pikel


Innate Abilities, Weirdness & Mutations

You reflexively headbutt those who attack you in melee.
You have a pair of horns on your head.
You are dopey. (Int -2)
You are frail. (-10% HP)
Your system is resistant to poisons. (rPois)


Message History

The sling bullet closely misses the slave.
The sling bullet closely misses Pikel.
The slave closely misses you.
Firing (i - inventory. (,) - cycle):
Z - 190 stones (quivered)
Press: ? - help, Shift-Dir - straight line, f/p - Pikel
Aim: Pikel, wielding a whip of electrocution and wearing a robe You shoot a stone.
The stone hits the slave.
The slave is moderately wounded.
a - a +0 whip (weapon)
You hit Pikel but do no damage. Pikel closely misses you.
You barely miss Pikel. Your headbutt misses Pikel.
Pikel hits you but does no damage.
You hit Pikel but do no damage. You headbutt Pikel.
Pikel is lightly wounded.
Pikel closely misses you.
You closely miss Pikel. You headbutt Pikel.
Pikel is lightly wounded.
Pikel hits you but does no damage.
You are electrocuted!
You barely miss Pikel. Your headbutt misses Pikel.
Pikel is lightly wounded.
Pikel barely misses you.
Damage: 11 (max 11)
You hit Pikel.
Pikel is lightly wounded.
Pikel barely misses you. You furiously retaliate!
You headbutt Pikel. You hit Pikel but do no damage.
Pikel is lightly wounded.
Pikel hits you but does no damage.
You barely miss Pikel. You headbutt Pikel.
Pikel is moderately wounded.
Pikel hits you with a whip of electrocution. x2
Damage: 8 (max 11)
You hit Pikel but do no damage. Your headbutt misses Pikel.
Pikel is lightly wounded.
Pikel barely misses you.
You hit Pikel but do no damage. You headbutt Pikel, but do no damage.
Pikel is lightly wounded.
Pikel hits you with a whip of electrocution.
You are electrocuted!
* * * LOW HITPOINT WARNING * * *
Damage: 16 (max 16)
You barely miss Pikel. Your headbutt misses Pikel.
Pikel is lightly wounded.
Pikel misses you. You furiously retaliate!
You headbutt Pikel, but do no damage. You closely miss Pikel.
Pikel is lightly wounded.
Pikel hits you with a whip of electrocution.
* * * LOW HITPOINT WARNING * * *
You are electrocuted!
You die...

#..####.....##.............
... #####................
.. ###..............
#..............
##p....#........
##pZ##..##...$...
#pp###...##...... ##K##
##.......... .#@##
..##....... #....#
#..#####.... ####.# #..##
#.... #.###..# #...#
#..#...# ###....##
##.#..####....#.# ..
###.........####.## #.#
##.....###...# #..#
....##....#..# #..####รท.#


You could see Pikel, 4 slaves and an adder skeleton.

Vanquished Creatures
  Sigmund (D:2)
  Duvessa (D:2)
  Dowan (D:2)
  A worker ant (D:4)
  A hound skeleton (D:4)
  9 adders
  4 gnolls (D:3)
  An adder skeleton (D:4)
  A worm (D:3)
  4 dart slugs
  4 leopard geckos
  7 orcs
  4 giant cockroaches
  5 goblins
  5 hobgoblins
  11 jackals
  A quokka (D:2)
  2 ball pythons
  6 bats
  8 frilled lizards
  9 kobolds
  6 rats
92 creatures vanquished.

Notes
Turn   | Place    | Note
-------+----------+-------------------------------------------
     0 | D:1      | Gorice the Minotaur Arcane Marksman began the quest for the Orb.
     0 | D:1      | Reached XP level 1. HP: 16/16 MP: 1/1
   216 | D:1      | Reached XP level 2. HP: 24/24 MP: 2/2
   276 | D:1      | Reached skill level 2 in Fighting
   453 | D:1      | Reached skill level 3 in Slings
   912 | D:2      | Reached XP level 3. HP: 29/29 MP: 3/3
  1419 | D:2      | Reached skill level 3 in Fighting
  1594 | D:2      | Reached XP level 4. HP: 38/38 MP: 4/4
  1676 | D:2      | Noticed Sigmund
  2362 | D:3      | Found a snail-covered altar of Cheibriados.
  2363 | D:3      | Found a radiant altar of Vehumet.
  2492 | D:3      | Reached skill level 4 in Slings
  2504 | D:3      | Reached skill level 4 in Fighting
  2521 | D:3      | Reached XP level 5. HP: 17/46 MP: 5/5
  2524 | D:3      | HP: 9/46 [orc/war axe (9)]
  2860 | D:3      | Found a sparkling altar of Nemelex Xobeh.
  3252 | D:4      | Noticed Duvessa
  3254 | D:4      | Noticed Dowan
  3636 | D:4      | Noticed a slave
  3637 | D:4      | Noticed Pikel
  3637 | D:4      | Noticed a slave
  3638 | D:4      | Noticed a slave
  3718 | D:3      | HP: 14/47 [Duvessa/short sword (6)]
  3989 | D:2      | Killed Duvessa
  3989 | D:2      | Reached skill level 5 in Fighting
  3989 | D:2      | Reached skill level 5 in Slings
  3989 | D:2      | Reached XP level 6. HP: 28/56 MP: 6/6
  4162 | D:2      | HP: 6/56 [Dowan/stone arrow (17)]
  4163 | D:2      | Gained mutation: Your system is resistant to poisons. (rPois) [potion of mutation]
  4163 | D:2      | Gained mutation: You are frail. (-10% HP) [potion of mutation]
  4163 | D:2      | Gained mutation: You are dopey. (Int -2) [potion of mutation]
  4163 | D:2      | Killed Dowan
  4300 | D:2      | HP: 15/50 [Sigmund/scythe (4)]
  4302 | D:2      | Killed Sigmund
  4302 | D:2      | Reached skill level 6 in Fighting
  4302 | D:2      | Reached skill level 6 in Slings
  4302 | D:2      | Reached XP level 7. HP: 18/57 MP: 7/7
  4667 | D:4      | Reached skill level 1 in Armour
  4785 | D:4      | HP: 14/57 [Pikel/whip of electrocution (15)]
  4787 | D:4      | Slain by Pikel

Vault maps used:
D:1:      dpeg_arrival_pits, roderic_lattice_a
D:2:      serial_co_window_serial, co_window_paths_a, co_window_paths_b,
          co_window_paths_a, co_window_paths_a, co_window_cross_1,
          co_window_paths_a, co_window_of_opportunity_b, co_window_cross_2,
          co_window_corner_b, co_window_broadway_c, co_window_paths_c,
          co_window_corner_b, glass_columns_a, uniq_sigmund
D:3:      gammafunk_temple_overflow_statue, nemelex_diamond_rough_becter
D:4:      first_bread, small_statue_intersection, uniq_duvessa, uniq_pikel

Skill      XL: |  1  2  3  4  5  6  7 |
---------------+----------------------+-----
Fighting       | 2 3 4 5 6 |  6.6
Slings         | 3 4 5 6 |  6.0
Armour         | 1 |  1.3
Dodging        | |  2.1
Spellcasting   | |  1.0
Hexes          | |  2.0

Action                   |  1- 3 |  4- 6 |  7- 9 || total
-------------------------+-------+-------+-------++-------
Melee: Whip              |    15 |   138 |    56 ||   209
       Headbutt          |     3 |    26 |    14 ||    43
 Fire: Hunting sling     |   100 |    37 |     5 ||   142
 Cast: Corona            |     3 |       |       ||     3
  Use: Scroll            |     3 |     3 |     1 ||     7
       Potion            |       |     1 |       ||     1
  Eat: Chunk             |     2 |     5 |     3 ||    10
       Royal jelly       |       |     1 |       ||     1
Armor: Robe              |     7 |       |       ||     7
       Ring mail         |     8 |    42 |       ||    50
       Skin              |       |    31 |       ||    31
       Scale mail        |       |       |    20 ||    20
       Leather armour    |       |       |    10 ||    10
Dodge: Dodged            |    54 |    98 |    41 ||   193

Table legend:
 A = Turns spent in this place as a percentage of turns spent in the entire game.
 B = Non-inter-level travel turns spent in this place as a percentage of non-inter-level travel turns spent in the entire game.
 C = Inter-level travel turns spent in this place as a percentage of turns spent in this place.
 D = Turns resting spent in this place as a percentage of non-inter-level travel turns spent in this place.
 E = Turns spent auto-exploring this place as a percentage of non-inter-level travel turns spent in this place.
 F = Non-inter-level travel turns spent in this place divided by the number of levels of this place that you've seen.
                   A       B       C       D       E      F
               +-------+-------+-------+-------+-------+----------------------
         Total | 100.0 | 100.0 |   0.6 |   2.2 |   4.9 | 428.8
       Dungeon | 100.0 | 100.0 |   0.6 |   2.2 |   4.9 | 428.8
               +-------+-------+-------+-------+-------+----------------------

Vault maps used:
D:1:      dpeg_arrival_pits, roderic_lattice_a
D:2:      serial_co_window_serial, co_window_paths_a, co_window_paths_b,
          co_window_paths_a, co_window_paths_a, co_window_cross_1,
          co_window_paths_a, co_window_of_opportunity_b, co_window_cross_2,
          co_window_corner_b, co_window_broadway_c, co_window_paths_c,
          co_window_corner_b, glass_columns_a, uniq_sigmund
D:3:      gammafunk_temple_overflow_statue, nemelex_diamond_rough_becter
D:4:      first_bread, small_statue_intersection, uniq_duvessa, uniq_pikel
